AoeStats
← kable.xpress

Arabia

504140459Analyzed
1v1 RM · 29d ago on Sep 4, 2026· 36m 37s· 2 players
Game mode
Random Map
Map size
Tiny (2 player)
Population
200
Speed
Normal
Resources
Standard
Victory
Conquest
Starting age
Dark Age
Ending age
Imperial Age
RankedLock teamsTeams togetherTeam positionsShared explorationLock speedFull tech treeHidden civsTurbo modeCheats
Victory
Defeat
🇦🇷 Celts · Argentina
2194
+16
🇨🇴 Koreans · Colombia
2202
-16
kable.xpress
6:44 Loom
10:39 Feudal Age
10:43 Man-at-Arms
11:11 Double-Bit Axe
11:51 Horse Collar
16:31 Fletching
20:03 Castle Age
18:29 Fletching
19:31 Gold Mining
20:39 Bodkin Arrow
20:35 Elite Skirmisher
21:16 Padded Archer Armor
22:15 Leather Archer Armor
22:15 Bow Saw
25:44 Wheelbarrow
26:15 Town Watch
26:49 Hand Cart
31:45 Imperial Age
31:00 Scale Mail Armor
31:38 Heavy Plow
32:06 Chain Mail Armor
31:57 Stone Mining
33:28 Plate Mail Armor
34:28 Forging
34:01 Capped Ram
35:06 Furor Celtica
36:30 Iron Casting
nW | Manuel
6:33 Loom
9:15 Feudal Age
9:46 Double-Bit Axe
13:06 Fletching
15:36 Wheelbarrow
17:21 Town Watch
20:28 Castle Age
18:13 Horse Collar
18:23 Gold Mining
20:31 Crossbowman
21:06 Bodkin Arrow
21:22 Bow Saw
22:25 Heavy Plow
24:02 Scale Mail Armor
27:52 Town Patrol
29:56 Hand Cart
31:03 Forging
34:54 Imperial Age
33:22 Gold Shaft Mining
33:00 Squires
32:46 Arson
34:09 Chain Mail Armor
34:29 Iron Casting
34:53 Gambesons
34:56 Elite Fire Lancer
36:07 Plate Mail Armor
36:13 Bracer
Connection lost

Rejoining the realm…

Still unreachable

The connection could not be restored.

Session expired

The server has moved on; the page needs a fresh start.